 Dungeon Crawl Stone Soup version 0.23.2-1-ga50397a6bc (webtiles) character file.

Game seed: 12876372479421622731

6574 Circulus the Carver (level 10, -5/92 HPs)
             Began as a Minotaur Fighter on May 1, 2019.
             Was an Elder of Okawaru.
             Slain by a raiju (9 damage)
             ... on level 2 of the Abyss on May 11, 2019.
             The game lasted 01:12:52 (10370 turns).

Circulus the Carver (Minotaur Fighter)             Turns: 10370, Time: 01:12:53

Health: -5/92      AC: 15    Str: 25    XL:     10   Next: 70%
Magic:  12/12      EV:  6    Int:  9    God:    Okawaru [****..]
Gold:   330        SH: 11    Dex:  9    Spells: 9/9 levels left

rFire    + . .     SeeInvis .   n - +2 scimitar (flame)
rCold    . . .     Gourm    .   h - +0 shield
rNeg     . . .     Faith    .   K - +0 plate armour
rPois    .         Spirit   .   (helmet restricted)
rElec    .         Reflect  .   E - +0 cloak
rCorr    .         Harm     .   (no gloves)
MR       .....                  (no boots)
Stlth    ..........             (no amulet)
HPRegen  0.25/turn              j - +4 ring of intelligence
MPRegen  0.13/turn              H - ring of protection from fire

@: about to teleport, studying Staves
A: retaliatory headbutt, horns 2
a: Heroism, Renounce Religion


You were on level 2 of the Abyss.
You worshipped Okawaru.
Okawaru was greatly pleased with you.
You were hungry.

You visited 2 branches of the dungeon, and saw 11 of its levels.
You visited the Abyss 1 time.

You collected 330 gold pieces.

Inventory:

Hand Weapons
 n - a +2 scimitar of flaming (weapon)
 s - a +5 long sword of electrocution
 A - the +9 dagger of Breach {pierce, Int+3}
   (You found it on level 6 of the Dungeon)

   It inflicts extra damage upon your enemies.
   It affects your intelligence (+3).
Missiles
 u - 17 tomahawks
 C - 2 throwing nets (quivered)
Armour
 h - a +0 shield (worn)
 E - a +0 cloak (worn)
 K - a +0 plate armour (worn)
Jewellery
 j - a +4 ring of intelligence (left hand)
 H - a ring of protection from fire (right hand)
Wands
 q - a wand of clouds (5)
 t - a wand of flame (16)
 I - a wand of random effects (22)
Scrolls
 b - 3 scrolls of identify
 e - 7 scrolls of remove curse
 g - a scroll of fog {unknown}
 i - 2 scrolls of magic mapping
 o - 2 scrolls of amnesia {unknown}
 v - a scroll of enchant armour {unknown}
 x - 2 scrolls of fear {unknown}
 y - a scroll of immolation {unknown}
 z - a scroll of blinking {unknown}
Potions
 a - a potion of degeneration {unknown}
 c - 3 potions of brilliance {unknown}
 d - 4 potions of might
 k - 2 potions of berserk rage {unknown}
 p - 3 potions of magic {unknown}
 r - a potion of mutation {unknown}
 w - 2 potions of flight {unknown}
 B - a potion of resistance {unknown}
 D - 2 potions of agility
 F - a potion of lignification {unknown}
 J - a potion of ambrosia {unknown}
Books
 G - a manual of Staves
Comestibles
 f - 18 rations


   Skills:
 + Level 9.7 Fighting
 * Level 11.9 Long Blades
 - Level 9.0 Armour
 + Level 8.0 Shields
 - Level 5.0 Evocations


You had 9 spell levels left.
You didn't know any spells.
Your spell library contained the following spells:

 Spells                   Type           Power        Failure   Level  Hunger
 Corona                   Hex            #......      100%        1    ##.....
 Shock                    Conj/Air       #...         100%        1    ##.....
 Ensorcelled Hibernation  Hex/Ice        #.....       100%        2    ###....
 Swiftness                Chrm/Air       #.......     100%        2    ###....
 Confuse                  Hex            #.......     100%        3    ####...
 Dazzling Spray           Conj/Hex       #.....       100%        3    ####...
 Static Discharge         Conj/Air       #.......     100%        3    ####...
 Tukima's Dance           Hex            #.......     100%        3    ####...
 Airstrike                Air            #.........   100%        4    #####..
 Lightning Bolt           Conj/Air       #.........   100%        5    ######.


Dungeon Overview and Level Annotations

Branches:
Dungeon (10/15)            Temple (1/1) D:7
   Lair: D:8-11         Orc: D:9-12

Altars:
Ashenzari
Cheibriados
Dithmenos
Elyvilon
Fedhas
Gozag
Hepliaklqana
Kikubaaqudgha
Makhleb
Nemelex Xobeh
Okawaru
Qazlal
Ru
Sif Muna
Trog
Uskayaw
Vehumet
Wu Jian
Xom
Yredelemnul
Zin
The Shining One

Shops:
D:7 (

Annotations:
D:5 exclusion: 2 downstairs
D:6 2 exclusions, Menkaure, Sigmund
D:7 exclusion: upstairs
D:9 Erolcha
D:10 exclusion: upstairs


Innate Abilities, Weirdness & Mutations

You reflexively headbutt those who attack you in melee.
You have a pair of horns on your head.


Message History

The raiju bursts into living lightning!
The living lightning hits you!
* * * LOW HITPOINT WARNING * * *
The living lightning hits you!
* * * LOW HITPOINT WARNING * * *
The raiju blinks!
You closely miss the raiju. You headbutt the raiju.
The raiju is severely wounded.
The raiju bites you but does no damage. x2
An ufetubus comes into view.
The raiju bursts into living lightning!
The living lightning hits the raiju.
The raiju completely resists.
The living lightning hits you but does no damage.
The raiju blinks!
You block the ufetubus's attack.
The ufetubus hits you but does no damage.
The raiju bites you.
* * * LOW HITPOINT WARNING * * *
The raiju shocks you!
You die...

... .. ## #
#.#..# ...## ..
.#. ..#
##.##.##.#
#.......## .#
##.#h......#
#....#.#..#ยง.
..# #.hhh#.# .#
#....##@5#[. ..
...#..h........
.....#..###....
##.. ..## ....
#.. #.# # .. .#
##


You could see 5 raiju and an ufetubus.

Vanquished Creatures
  Harold (D:7)
  Erica (D:10)
  Maurice (D:9)
  Joseph (D:7)
  A troll (D:9)
  2 raiju (Abyss:2)
  A wyvern (D:8)
  A hungry ghost (D:7)
  Eustachio (D:6)
  A water moccasin (D:8)
  4 sky beasts
  An ice beast (D:7)
  3 orc warriors
  An eye of draining (D:7)
  4 ogres
  2 centaurs
  A big kobold (D:9)
  4 bullfrogs
  A gnoll sergeant (D:9)
  A wyvern skeleton (D:6)
  A scorpion (D:9)
  4 killer bees (D:10)
  2 howler monkeys (D:5)
  4 crimson imps
  A quasit (D:7)
  A bullfrog zombie (D:3)
  3 hounds
  2 jellies
  2 orc priests
  11 orc wizards
  2 bullfrog skeletons (D:7)
  Jessica (D:3)
  4 iguanas
  Ijyb (D:3)
  5 worker ants
  A hound skeleton (D:5)
  7 gnolls
  A river rat (D:3)
  10 adders
  A shadow imp (D:7)
  An ufetubus (Abyss:2)
  2 oozes
  An adder zombie (D:7)
  A worm (D:3)
  A dart slug (D:1)
  7 leopard geckos
  45 orcs
  3 giant cockroaches
  10 goblins
  15 hobgoblins
  9 jackals
  3 quokkas
  5 ball pythons
  9 bats
  7 frilled lizards
  11 kobolds
  18 rats
245 creatures vanquished.

Notes
Turn   | Place    | Note
-------+----------+-------------------------------------------
     0 | D:1      | Circulus the Minotaur Fighter began the quest for the Orb.
     0 | D:1      | Reached XP level 1. HP: 19/19 MP: 0/0
   170 | D:1      | Reached XP level 2. HP: 27/27 MP: 1/1
   614 | D:1      | Reached skill level 3 in Long Blades
   625 | D:1      | Reached XP level 3. HP: 28/33 MP: 2/2
  1952 | D:3      | Reached XP level 4. HP: 40/41 MP: 3/3
  2006 | D:3      | Noticed a bullfrog
  2079 | D:3      | Noticed Jessica
  2095 | D:3      | Killed Jessica
  2095 | D:3      | Reached skill level 4 in Long Blades
  2295 | D:3      | Reached XP level 5. HP: 39/47 MP: 4/4
  2301 | D:3      | Reached skill level 5 in Long Blades
  2519 | D:3      | Reached skill level 6 in Long Blades
  2592 | D:3      | Noticed Ijyb
  2618 | D:3      | Killed Ijyb
  2700 | D:3      | Reached XP level 6. HP: 53/53 MP: 5/5
  3045 | D:3      | Reached skill level 7 in Long Blades
  3199 | D:4      | Found a blossoming altar of Fedhas.
  4058 | D:5      | Entered Level 5 of the Dungeon
  4125 | D:5      | Reached XP level 7. HP: 60/60 MP: 6/6
  4320 | D:5      | Reached skill level 8 in Long Blades
  4339 | D:4      | Reached skill level 5 in Fighting
  4339 | D:4      | Reached skill level 5 in Armour
  4374 | D:5      | Reached skill level 5 in Shields
  4582 | D:4      | Reached skill level 1 in Evocations
  4974 | D:6      | Noticed Menkaure
  5197 | D:6      | Reached XP level 8. HP: 66/70 MP: 6/8
  5252 | D:6      | Noticed Eustachio
  5281 | D:6      | Noticed Sigmund
  5309 | D:6      | Killed Eustachio
  5336 | D:6      | Got a translucent dagger
  5374 | D:7      | Noticed Harold
  5385 | D:6      | Identified the +9 dagger of Breach {pierce, Int+3} (You
                  | found it on level 6 of the Dungeon)
  5807 | D:7      | Found Lemido's Weapon Emporium.
  5922 | D:7      | Found a staircase to the Ecumenical Temple.
  5932 | Temple   | Entered the Ecumenical Temple
  6044 | Temple   | Became a worshipper of Warmaster Okawaru
  6163 | D:7      | Noticed Joseph
  6232 | D:7      | Killed Joseph
  6232 | D:7      | Reached skill level 9 in Long Blades
  6232 | D:7      | Reached XP level 9. HP: 23/81 MP: 8/10
  6275 | D:7      | Killed Harold
  6275 | D:7      | Reached * piety under Okawaru
  6826 | D:7      | Reached ** piety under Okawaru
  6917 | D:7      | Reached skill level 10 in Long Blades
  7094 | D:7      | Found a hide-covered altar of Uskayaw.
  7698 | D:8      | Reached XP level 10. HP: 79/91 MP: 12/12
  7957 | D:8      | Reached skill level 5 in Evocations
  8674 | D:9      | Noticed Maurice
  8679 | D:9      | Paralysed by something for 5 turns
  8687 | D:9      | Paralysed by something for 4 turns
  8693 | D:9      | Reached *** piety under Okawaru
  8710 | D:9      | Paralysed by something for 2 turns
  8716 | D:9      | Paralysed by something for 7 turns
  9153 | D:10     | Entered Level 10 of the Dungeon
  9379 | D:10     | Noticed Erica
  9401 | D:10     | Killed Erica
  9401 | D:10     | Reached skill level 11 in Long Blades
  9965 | D:9      | Killed Maurice
  9965 | D:9      | Reached **** piety under Okawaru
 10120 | D:9      | Noticed Erolcha
 10123 | D:9      | Cast into level 2 of the Abyss (Erolcha)
 10250 | Abyss:2  | Noticed a spatial maelstrom
 10252 | Abyss:2  | Noticed an angel
 10268 | Abyss:2  | Noticed a thrashing horror
 10269 | Abyss:2  | Noticed a thrashing horror
 10269 | Abyss:2  | Noticed a thrashing horror
 10269 | Abyss:2  | Noticed a thrashing horror
 10269 | Abyss:2  | Noticed a large abomination
 10270 | Abyss:2  | Found an opulent altar of Gozag.
 10370 | Abyss:2  | HP: 4/92 [raiju (3)]
 10370 | Abyss:2  | Slain by a raiju

Skill      XL: |  1  2  3  4  5  6  7  8  9 10 |
---------------+-------------------------------+-----
Fighting       | 4 5 7 9 |  9.7
Shields        | 4 5 6 7 8 |  8.0
Long Blades    | 3 4 6 7 8 9 10 11 | 11.9
Armour         | 4 5 6 8 9 |  9.0
Evocations     | 1 2 4 5 |  5.0

Action                   |  1- 3 |  4- 6 |  7- 9 | 10-12 || total
-------------------------+-------+-------+-------+-------++-------
Melee: Long sword        |   145 |   161 |   251 |   115 ||   672
       Headbutt          |    18 |    33 |    41 |    30 ||   122
       Scimitar          |       |       |       |    50 ||    50
Throw: Throwing net      |       |       |       |     1 ||     1
       Tomahawk          |       |       |       |     1 ||     1
Invok: Heroism           |       |       |       |     2 ||     2
  Use: Scroll            |     1 |     3 |     2 |     7 ||    13
       Potion            |       |       |     3 |     1 ||     4
  Eat: Chunk             |     4 |     7 |     9 |     8 ||    28
       Ration            |       |       |     1 |       ||     1
Armor: Scale mail        |    22 |       |       |       ||    22
       Chain mail        |    41 |       |       |       ||    41
       Plate armour      |       |    87 |   132 |   160 ||   379
       Skin              |       |       |     5 |       ||     5
Dodge: Dodged            |    28 |    24 |    43 |    38 ||   133
Block: Shield            |    70 |    74 |   125 |    87 ||   356
       Rpst.: Long sword |     3 |     5 |    12 |     8 ||    28
       Scimitar          |       |       |       |     3 ||     3
